 Dungeon Crawl Stone Soup version 0.26-a0-694-g74916bafe0 (webtiles) character file.

Game seed: 1433472749914600735

269 CheiIsBae the Cleaver (level 6, -4/51 HPs)
             Began as a Hill Orc Monk on Oct 25, 2020.
             Slain by an orc wizard
             ... wielding a +0 dagger of distortion
              (12 damage)
             ... on level 4 of the Dungeon.
             The game lasted 00:05:30 (4478 turns).

CheiIsBae the Cleaver (Hill Orc Monk)               Turns: 4478, Time: 00:05:30

Health: -4/51      AC:  8    Str: 16    XL:     6   Next: 22%
Magic:  6/6        EV: 11    Int: 10    God:
Gold:   203        SH:  0    Dex: 13    Spells: 5/5 levels left

rFire    . . .     SeeInvis +   a - +0 hand axe
rCold    . . .     Faith    .   (no shield)
rNeg     . . .     Spirit   .   c - +0 ring mail
rPois    .         Reflect  .   j - +0 helmet
rElec    .         Harm     .   n - +0 cloak
rCorr    +         Rampage  .   (no gloves)
MR       .....                  k - +0 pair of boots
Stlth    +.........             (no amulet)
HPRegen  0.17/turn              m - ring of resist corrosion
MPRegen  0.10/turn              e - ring of see invisible

@: lethally poisoned (-4 -> -5)
A: no striking features
a: no special abilities


You were on level 4 of the Dungeon.
You visited 1 branch of the dungeon, and saw 4 of its levels.

You collected 203 gold pieces.

Inventory:

Hand Weapons
 a - a +0 hand axe (weapon)
Armour
 c - a +0 ring mail (worn)
 i - a +0 plate armour
 j - a +0 helmet (worn)
 k - a +0 pair of boots (worn)
 n - a +0 cloak (worn)
Jewellery
 e - a ring of see invisible (right hand)
 m - a ring of resist corrosion (left hand)
Scrolls
 b - 5 scrolls of remove curse
 h - a scroll of identify
 l - a scroll of teleportation
Potions
 d - a potion of haste
 f - a potion of heal wounds
 g - 3 potions of curing


   Skills:
 - Level 3.6 Fighting
 * Level 9.0 Axes
 - Level 2.4 Dodging
 - Level 1.5 Stealth


You had 5 spell levels left.
You didn't know any spells.
Your spell library was empty.

Dungeon Overview and Level Annotations

Branches:
Dungeon (4/15)
 Temple: D:4-7

Altars:
Ru

Annotations:
D:4 Pikel


Message History

The adder is severely wounded.
The adder misses you.
You miss the adder.
The adder is severely wounded.
The adder bites you but does no damage. The adder barely misses you.
You barely miss the adder.
The adder is severely wounded.
You feel sick. The adder closely misses you.
You closely miss the orc wizard. You hit the adder.
You kill the adder!
Your Axes skill increases to level 9!
The orc wizard hits you but does no damage.
Space warps horribly around you!
* * * LOW HITPOINT WARNING * * *
You hit the orc wizard.
The orc wizard is moderately wounded.
The orc wizard hits you with a +0 dagger of distortion.
* * * LOW HITPOINT WARNING * * *
Space warps horribly around you!
You die...

#.........+
#.........#
#..(......#
#.....)...#
#.........###
#............
#...........o
#o†..........
#@###.#.....
#)...........
######.......
.......
.......
.......
.......
.......


You could see an orc wizard.

Vanquished Creatures
  A quasit (D:3)
  A hound (D:3)
  An orc priest (D:4)
  A centaur skeleton (D:4)
  Robin (D:1)
  4 adders
  2 oozes (D:2)
  2 worms (D:2)
  3 dart slugs
  A leopard gecko (D:3)
  2 orcs (D:3)
  5 bats
  6 giant cockroaches
  10 hobgoblins
  3 jackals (D:3)
  8 kobolds
  4 quokkas
  7 frilled lizards
  14 goblins
  8 rats
84 creatures vanquished.

Notes
Turn   | Place    | Note
-------+----------+-------------------------------------------
     0 | D:1      | CheiIsBae the Hill Orc Monk began the quest for the Orb.
     0 | D:1      | Reached XP level 1. HP: 19/19 MP: 1/1
   294 | D:1      | Reached XP level 2. HP: 26/26 MP: 2/2
   583 | D:1      | Reached skill level 5 in Axes
   765 | D:1      | Reached XP level 3. HP: 31/31 MP: 3/3
  1129 | D:2      | Noticed Robin
  1295 | D:1      | Reached skill level 6 in Axes
  1299 | D:1      | Killed Robin
  1413 | D:2      | Reached XP level 4. HP: 30/39 MP: 4/4
  2395 | D:3      | Reached skill level 7 in Axes
  2874 | D:3      | Reached XP level 5. HP: 31/45 MP: 5/5
  3021 | D:3      | Reached skill level 8 in Axes
  3234 | D:3      | Found a sacrificial altar of Ru.
  3910 | D:4      | Reached XP level 6. HP: 50/51 MP: 6/6
  3936 | D:4      | Noticed Pikel
  3946 | D:4      | HP: 2/51 [Pikel/+0 whip of electrocution (11)]
  4477 | D:4      | Reached skill level 9 in Axes
  4478 | D:4      | Slain by an orc wizard

Illustrated notes

Levels and vault maps discovered:
D:1:      dpeg_arrival_rhombi, layout_loops_cross
D:2:      layout_loops_cross, hangedman_decor_peaks_small, uniq_robin
D:3:      layout_basic, nicolae_ru_path_of_blood
D:4:      layout_basic, serial_shops, nicolae_shop_window_shopping,
          minmay_shop_enchanted_jewellery, uniq_pikel

Skill      XL: |  1  2  3  4  5  6 |
---------------+-------------------+-----
Axes           | 5 6 7 8 9 |  9.0
Fighting       | |  3.6
Dodging        | |  2.4
Stealth        | |  1.5

Action                   |  1- 3 |  4- 6 || total
-------------------------+-------+-------++-------
Melee: Hand axe          |   117 |   235 ||   352
  Use: Scroll            |     5 |     8 ||    13
Armor: Robe              |     6 |       ||     6
       Ring mail         |    34 |    87 ||   121
Dodge: Dodged            |    77 |   144 ||   221

Table legend: (Time is in decaauts)
 A = Elapsed time spent in this place.
 B = Non-inter-level travel time spent in this place.
 C = Inter-level travel time spent in this place.
 D = Time resting spent in this place.
 E = Time spent auto-exploring this place.
 F = Levels seen in this place.
 G = Mean time per level.
                   A        B        C        D        E       F      G
               +--------+--------+--------+--------+--------+-----+--------+
         Total |   4464 |   4331 |    133 |   1178 |   2466 |   4 | 1116.0 |
       Dungeon |   4464 |   4331 |    133 |   1178 |   2466 |   4 | 1116.0 |
               +--------+--------+--------+--------+--------+-----+--------+

Top non-repeatable levels by time:
     D:3: 1543 daAuts
     D:1: 1390 daAuts
     D:2: 828 daAuts
     D:4: 702 daAuts
